 Dungeon Crawl Stone Soup version 0.26-a0-1184-g95e395e029 (webtiles) character file.

Game seed: 3510584028483055167

34299 runemasterragnar the Fighter (level 13, -2/136 HPs)
             Began as an Ogre Hunter on Dec 27, 2020.
             Was a High Priest of Okawaru.
             Slain by a wolf (3 damage)
             ... on level 4 of the Lair of Beasts.
             The game lasted 00:47:31 (23962 turns).

runemasterragnar the Fighter (Ogre Hunter)         Turns: 23962, Time: 00:47:31

Health: -2/136     AC: 16    Str: 35    XL:     13   Next: 76%
Magic:  23/24      EV: 13    Int: 12    God:    Okawaru [*****.]
Gold:   1790       SH:  0    Dex: 12    Spells: 16/27 levels left

rFire    + + +     SeeInvis .   P - +3 giant club "Skullcrusher" {speed, Str+7}
rCold    x . .     Faith    .   (shield currently unavailable)
rNeg     . . .     Spirit   .   d - +2 fire dragon scales
rPois    .         Reflect  .   (helmet restricted)
rElec    .         Harm     .   Z - +0 cloak
rCorr    +         Rampage  .   (gloves unavailable)
Will     +....                  (boots unavailable)
Stlth    +.........             X - amulet of regeneration
HPRegen  0.72/turn              q - ring of resist corrosion
MPRegen  0.19/turn              R - +6 ring of strength

@: heroism, finesse
A: large, unfitting armour, agile 1, fire resistance 2, shaggy fur 1, tough skin
1
a: Renounce Religion, Heroism, Finesse


You were on level 4 of the Lair of Beasts.
You worshipped Okawaru.
Okawaru was extremely pleased with you.
You visited 3 branches of the dungeon, and saw 19 of its levels.

You collected 2375 gold pieces.
You spent 585 gold pieces at shops.

Inventory:

Hand Weapons
 P - the +3 giant club "Skullcrusher" (weapon) {speed, Str+7}
   (You bought it in a shop on level 10 of the Dungeon)

   Attacks with this weapon are significantly faster.
   It affects your strength (+7).
Missiles
 c - a throwing net
 n - 9 atropa-tipped darts
 p - 3 javelins
 r - 31 poisoned darts
 s - 10 large rocks (quivered)
 v - 8 boomerangs
 w - 9 curare-tipped darts
 E - 3 silver javelins
 K - 8 boomerangs of dispersal
 O - 7 silver boomerangs
 Y - 2 datura-tipped darts
Armour
 d - +2 fire dragon scales (worn)
 Z - a +0 cloak (worn)
Jewellery
 a - an uncursed ring of flight
 q - a ring of resist corrosion (left hand)
 I - an uncursed ring of fire
 R - a +6 ring of strength (right hand)
 X - an amulet of regeneration (around neck)
Wands
 C - a wand of disintegration (21)
 F - a wand of flame (23)
 J - a wand of paralysis (3)
 T - a wand of acid (7)
 W - a wand of enslavement (6)
Scrolls
 e - a scroll of enchant weapon
 h - a scroll of vulnerability {unknown}
 l - 9 scrolls of remove curse
 u - a scroll of identify
 y - a scroll of fog
 B - a scroll of magic mapping
 G - 3 scrolls of enchant armour
 Q - 2 scrolls of immolation
 S - 4 scrolls of teleportation
 V - 2 scrolls of summoning
Potions
 b - a potion of mutation
 i - a potion of resistance
 j - 3 potions of flight
 k - 8 potions of curing
 o - 2 potions of magic
 t - 2 potions of ambrosia
 x - a potion of brilliance
 z - 3 potions of haste
 D - 3 potions of attraction
 L - 3 potions of might
 N - 2 potions of heal wounds


   Skills:
 + Level 10.8(15.8) Fighting
 * Level 10.5(15.5) Maces & Flails
 + Level 9.2(14.2) Throwing
 + Level 4.3(9.3) Armour
 - Level 5.7(10.7) Dodging
 - Level 0.6(5.6) Stealth
 + Level 7.5 Spellcasting
 * Level 6.3 Hexes
 - Level 6.0 Translocations
 * Level 9.7 Invocations


You had 16 spell levels left.
You knew the following spells:

 Your Spells              Type           Power        Failure   Level
a - Blink                 Tloc           N/A          3%          2
b - Slow                  Hex            19%          3%          2
c - Confusing Touch       Hex            19%          6%          3
d - Corona                Hex            21%          2%          1
e - Portal Projectile     Hex/Tloc       38%          7%          3

Your spell library contained the following spells:

 Spells                   Type           Power        Failure   Level
 Gell's Gravitas          Tloc           9%           8%          3
 Cause Fear               Hex            9%           22%         4
 Dazzling Flash           Conj/Hex       24%          24%         3
 Inner Flame              Hex/Fire       12%          24%         3
 Animate Skeleton         Necr           8%           30%         1
 Freeze                   Ice            16%          30%         1
 Magic Dart               Conj           16%          30%         1
 Pain                     Necr           16%          30%         1
 Sandblast                Erth           8%           30%         1
 Call Imp                 Summ           4%           41%         2
 Passwall                 Tmut/Erth      3%           41%         2
 Searing Ray              Conj           8%           41%         2
 Fulminant Prism          Conj/Hex       6%           63%         4
 Leda's Liquefaction      Hex/Erth       6%           63%         4
 Conjure Flame            Conj/Fire      4%           65%         3
 Frozen Ramparts          Ice            8%           65%         3
 Mephitic Cloud           Conj/Pois/Air  4%           65%         3
 Ozocubu's Armour         Ice            4%           65%         3
 Stone Arrow              Conj/Erth      8%           65%         3
 Vampiric Draining        Necr           2%           65%         3
 Iskenderun's Mystic Bla  Conj/Tloc      11%          65%         4
 Metabolic Englaciation   Hex/Ice        6%           92%         5
 Yara's Violent Unravell  Hex/Tmut       6%           92%         5
 Animate Dead             Necr           2%           96%         4
 Hailstorm                Conj/Ice       4%           96%         4
 Petrify                  Tmut/Erth      4%           96%         4
 Summon Ice Beast         Ice/Summ       4%           96%         4
 Agony                    Necr           4%           100%        5
 Lee's Rapid Deconstruct  Erth           2%           100%        5


Dungeon Overview and Level Annotations

Branches:
Dungeon (14/15)            Temple (1/1) D:4            Lair (4/6) D:10
 Shoals (0/4) Lair:2          Orc (0/2) D:9
  Snake: Lair:2-4    Spider: Lair:2-4    Vaults: D:13-14

Altars:
Ashenzari
Cheibriados
Dithmenos
Elyvilon
Fedhas
Gozag
Hepliaklqana
Kikubaaqudgha
Makhleb
Nemelex Xobeh
Okawaru
Qazlal
Sif Muna
Trog
Uskayaw
Vehumet
Wu Jian
Xom
Yredelemnul
Zin
The Shining One

Shops:
D:6 (   D:10 ((**

Annotations:
D:10 1 runed translucent door, Sobieck's ghost, journeyman VSTm
Lair:1 exclusion: oklob plant


Innate Abilities, Weirdness & Mutations

You are too large for most types of armour.
You have tough skin. (AC +1)
You are agile. (Dex +2)
Your flesh is very heat resistant. (rF++)
You are covered in fur. (AC +1)


Message History

* * * LOW HITPOINT WARNING * * *
The blink frog misses you. The wolf bites you but does no damage.
The wolf closely misses you.
The blink frog blinks!
The dream sheep shake their wool and sparkle.
You feel drowsy...
You fall asleep.
The wolf bites you!!
You wake up.
* * * LOW HITPOINT WARNING * * *
The blink frog closely misses you. The wolf bites you but does no damage.
The blink frog closely misses you.
Okay, then.
Blink to where?
Press: ? - help, Dir - move target, p - wolf
As you read the scroll of blinking, it crumbles to dust.
The blink frog blinks!
The dream sheep shakes its wool and sparkles.
You feel drowsy...
You fall asleep.
The wolf bites you!!
You wake up.
* * * LOW HITPOINT WARNING * * *
The wolf bites you.
You die...

#.......# #........#.# #..#
#.......####.........###
(..##......^.#.............#
#..##......................#
#...#.....................##
#...#.....#...............#
#...#††..#.#...........####
#P..#††.###..........###
##......>..<@h....#.##
#####..†########...Y##### #
......###≈≈≈≈≈§####....## #
.....####≈≈≈≈≈≈≈####....## #
...........≈§≈§≈≈≈≈##....## #
..............≈≈§≈≈§##....# #
.......####....##§≈≈§##.#.###
## .......#######.##
≈≈####.h§####h .........##
##.## ≈≈# ##P.h##.#


You could see a wolf and a dream sheep.

Vanquished Creatures
  Frances (D:14)
  Erolcha (D:10)
  4 hydras
  A centaur warrior (D:14)
  A two-headed ogre (D:12)
  Erica (D:8)
  A wolf spider zombie (D:14)
  3 ugly things
  A manticore (D:12)
  A cyclops (D:12)
  2 black mambas
  2 molten gargoyles (Lair:4)
  7 komodo dragons
  4 cane toads
  2 rime drakes (Lair:3)
  2 efreet
  5 trolls
  Prince Ribbit (D:7)
  6 blink frogs
  10 slime creatures (D:13)
  A snapping turtle (Lair:2)
  2 vampires
  A wraith (D:9)
  Eustachio (D:4)
  26 yaks
  4 wyverns
  Grum (D:8)
  Menkaure (D:4)
  5 vampire mosquitoes
  A swamp worm (Lair:3)
  8 water moccasins
  3 orc warriors
  2 sky beasts (D:7)
  3 phantoms (D:10)
  3 ice beasts
  8 wolves
  An eye of draining (D:12)
  7 ogres
  5 centaurs
  4 lemures (D:4)
  2 big kobolds
  15 bullfrogs
  2 wyvern skeletons
  6 scorpions
  16 killer bees
  2 electric eels (Lair:2)
  13 wights
  2 howler monkeys (D:13)
  2 bullfrog zombies
  5 lava snakes (Lair:4)
  A quasit (D:10)
  6 hounds
  10 orc wizards
  4 centaur skeletons
  3 gnoll shamans (D:7)
  5 jellies
  6 orc priests
  A bullfrog skeleton (D:8)
  Jessica (D:3)
  6 iguanas
  Natasha (twice) (D:2)
  6 worker ants
  2 hound skeletons
  Robin (D:2)
  2 worker ant zombies
  11 gnolls (D:7)
  13 adders
  2 shadow imps
  3 ufetubi
  3 oozes
  3 adder skeletons
  An adder zombie (D:7)
  5 worms
  7 dart slugs
  10 leopard geckos
  36 orcs
  5 giant cockroaches
  15 goblins
  7 hobgoblins
  5 jackals
  12 kobolds
  7 quokkas
  6 bats
  4 frilled lizards
  A jackal skeleton (D:6)
  A quokka zombie (D:7)
  6 rats
427 creatures vanquished.

Vanquished Creatures (collateral kills)
  An ufetubus (D:7)
1 creature vanquished.

Vanquished Creatures (others)
  A black mamba (Lair:4)
  An orc warrior (D:7)
  Natasha (D:2)
  A gnoll (D:7)
  4 goblins (D:2)
  A hobgoblin (D:2)
  2 jackals (D:3)
  A kobold (D:3)
  8 fungi
  19 plants
39 creatures vanquished.

Grand Total: 467 creatures vanquished

Notes
Turn   | Place    | Note
-------+----------+-------------------------------------------
     0 | D:1      | runemasterragnar the Ogre Hunter began the quest for the
                  | Orb.
     0 | D:1      | Reached XP level 1. HP: 22/22 MP: 1/1
   247 | D:1      | Reached XP level 2. HP: 29/29 MP: 2/2
   369 | D:1      | HP: 1/31 [kobold/+0 whip (4)]
   828 | D:1      | Reached skill level 1 in Maces & Flails
  1100 | D:1      | Reached XP level 3. HP: 28/37 MP: 3/3
  1694 | D:2      | Reached XP level 4. HP: 14/45 MP: 4/4
  2459 | D:2      | Found a radiant altar of Vehumet.
  2461 | D:2      | Noticed Robin
  2491 | D:2      | Killed Robin
  2731 | D:2      | Noticed Natasha
  2735 | D:2      | Killed Natasha
  2736 | D:2      | Reached XP level 5. HP: 45/54 MP: 5/5
  3283 | D:2      | Noticed Natasha
  3311 | D:2      | Killed Natasha
  3484 | D:2      | Killed Natasha
  3721 | D:3      | Noticed a centaur
  3747 | D:3      | Killed a centaur
  3748 | D:3      | Reached XP level 6. HP: 34/63 MP: 6/6
  4052 | D:3      | Noticed Jessica
  4058 | D:3      | Killed Jessica
  4071 | D:3      | HP: 3/63 [poisoned by an adder]
  4076 | D:3      | HP: 2/63 [poisoned by an adder]
  4084 | D:3      | HP: 2/63 [poisoned by an adder]
  4599 | D:3      | Found a hazy altar of Hepliaklqana.
  4650 | D:3      | Gained mutation: You are weak. (Str -2) [potion of
                  | mutation]
  4650 | D:3      | Gained mutation: Your natural rate of healing is unusually
                  | fast. [potion of mutation]
  4650 | D:3      | Gained mutation: You have sharp toenails. [potion of
                  | mutation]
  4650 | D:3      | Gained mutation: You have a pair of small horns on your
                  | head. [potion of mutation]
  4688 | D:3      | Reached skill level 5 in Throwing
  6044 | D:4      | Noticed Eustachio
  6050 | D:4      | Reached XP level 7. HP: 27/71 MP: 7/7
  6944 | D:4      | Reached skill level 5 in Fighting
  7322 | D:4      | Noticed Menkaure
  7332 | D:4      | Killed Menkaure
  8026 | D:4      | Killed Eustachio
  8027 | D:4      | Reached XP level 8. HP: 46/83 MP: 8/8
  8203 | D:4      | Reached skill level 5 in Maces & Flails
  8610 | D:4      | Found a staircase to the Ecumenical Temple.
  8623 | Temple   | Entered the Ecumenical Temple
  8786 | Temple   | Became a worshipper of Warmaster Okawaru
  8905 | D:5      | Entered Level 5 of the Dungeon
  9149 | D:5      | Reached skill level 1 in Invocations
  9229 | D:5      | Found an iron altar of Okawaru.
  9560 | D:6      | Learned a level 2 spell: Blink
  9746 | D:6      | Reached skill level 1 in Translocations
  9866 | D:6      | Found Mihupixt's Antique Weapon Shop.
 10022 | D:6      | Reached skill level 1 in Spellcasting
 10316 | D:7      | Reached * piety under Okawaru
 10585 | D:7      | Reached XP level 9. HP: 79/92 MP: 11/11
 11618 | D:7      | Noticed Prince Ribbit
 12081 | D:7      | Found a glowing silver altar of Zin.
 12104 | D:7      | Reached ** piety under Okawaru
 12365 | D:7      | Killed Prince Ribbit
 12366 | D:7      | Reached skill level 5 in Dodging
 13198 | D:8      | Noticed Grum
 13384 | D:8      | Reached XP level 10. HP: 101/102 MP: 14/14
 13564 | D:8      | Noticed Erica
 13572 | D:8      | Killed Erica
 13572 | D:8      | Reached *** piety under Okawaru
 13643 | D:8      | Found a basalt altar of Yredelemnul.
 13858 | D:8      | Killed Grum
 14910 | D:9      | Found a staircase to the Orcish Mines.
 15667 | D:10     | Entered Level 10 of the Dungeon
 15687 | D:10     | Reached skill level 5 in Translocations
 15809 | D:10     | Reached **** piety under Okawaru
 15816 | D:10     | Reached skill level 5 in Invocations
 15820 | D:10     | Reached XP level 11. HP: 66/113 MP: 15/17
 15825 | D:10     | Reached skill level 1 in Armour
 15877 | D:10     | Found a staircase to the Lair.
 16155 | D:10     | Found Waifoxa's General Store.
 16166 | D:10     | Bought the +3 giant club "Skullcrusher" {speed, Str+7} for
                  | 585 gold pieces
 16166 | D:10     | Found the +3 giant club "Skullcrusher" {speed, Str+7}
 16317 | D:10     | Received a gift from Okawaru
 16342 | D:10     | Noticed Erolcha
 16376 | D:10     | Killed Erolcha
 16377 | D:10     | Reached skill level 5 in Spellcasting
 16527 | D:10     | Found Jaejety's General Store.
 16561 | D:10     | Reached ***** piety under Okawaru
 16593 | D:10     | Learned a level 2 spell: Slow
 16597 | D:10     | Learned a level 3 spell: Confusing Touch
 16663 | D:10     | Found Wihyba's Antique Weapon Shoppe.
 16670 | D:10     | Found a runed translucent door.
 16671 | D:10     | Found a shimmering altar of Xom.
 16671 | D:10     | Noticed a +2 hand axe of chaos
 16671 | D:10     | Noticed Sobieck's ghost (journeyman VSTm)
 16715 | D:10     | Found a shimmering altar of Xom.
 16730 | D:10     | Found Ukhlicaq's Weapon Emporium.
 16964 | D:10     | Found a shimmering blue altar of Sif Muna.
 17196 | D:11     | Reached skill level 1 in Hexes
 17753 | D:11     | Found a shadowy altar of Dithmenos.
 17760 | D:11     | Learned a level 1 spell: Corona
 17764 | D:11     | Learned a level 3 spell: Portal Projectile
 17831 | D:12     | Noticed a two-headed ogre
 17840 | D:12     | Killed a two-headed ogre
 17951 | D:12     | Noticed a manticore
 17958 | D:12     | Killed a manticore
 17958 | D:12     | Received a gift from Okawaru
 18058 | D:12     | Noticed a cyclops
 18077 | D:12     | Killed a cyclops
 18152 | D:12     | Noticed a red ugly thing
 18159 | D:12     | Killed a red ugly thing
 18159 | D:12     | Received a gift from Okawaru
 18354 | D:12     | Noticed an eight-headed hydra
 18554 | D:13     | Noticed a green ugly thing
 18566 | D:13     | Killed a green ugly thing
 18567 | D:13     | Reached XP level 12. HP: 106/124 MP: 20/20
 18609 | D:13     | Identified 2 scrolls of acquirement
 18623 | D:13     | Acquired 547 gold pieces
 18625 | D:13     | Acquired 661 gold pieces
 18751 | D:13     | Received a gift from Okawaru
 19576 | D:13     | Noticed an eight-headed hydra
 19580 | D:13     | Killed an eight-headed hydra
 19719 | D:13     | Received a gift from Okawaru
 19720 | D:13     | Got a warped kite shield {god gift}
 19972 | D:13     | Reached ****** piety under Okawaru
 20032 | D:14     | Noticed Frances
 20036 | D:14     | Noticed a centaur warrior
 20055 | D:14     | Killed Frances
 20056 | D:14     | Reached skill level 10 in Fighting
 20063 | D:14     | Killed a centaur warrior
 20179 | D:14     | Noticed Rupert
 20183 | D:14     | Paralysed by Rupert for 2 turns
 20371 | Lair:1   | Entered Level 1 of the Lair of Beasts
 20609 | Lair:1   | Reached skill level 5 in Hexes
 20806 | Lair:2   | Reached XP level 13. HP: 124/133 MP: 23/23
 21295 | Lair:2   | Reached skill level 10 in Maces & Flails
 21684 | Lair:2   | Found a staircase to the Shoals.
 22476 | Lair:3   | Received a gift from Okawaru
 22834 | Lair:1   | Lost mutation: You are weak. (Str -2) [potion of mutation]
 22834 | Lair:1   | Lost mutation: You have sharp toenails. [potion of
                  | mutation]
 22834 | Lair:1   | Gained mutation: You are frail. (-10% HP) [potion of
                  | mutation]
 22834 | Lair:1   | Gained mutation: Armour fits poorly on your strangely
                  | shaped body. [potion of mutation]
 22834 | Lair:1   | Gained mutation: You possess an exceptional clarity of
                  | mind. [potion of mutation]
 22835 | Lair:1   | Lost mutation: You have a pair of small horns on your head.
                  | [potion of mutation]
 22835 | Lair:1   | Lost mutation: You are frail. (-10% HP) [potion of
                  | mutation]
 22835 | Lair:1   | Gained mutation: You are clumsy. (Dex -2) [potion of
                  | mutation]
 22835 | Lair:1   | Gained mutation: Your spells are a little harder to cast,
                  | but a little more powerful. [potion of mutation]
 22836 | Lair:1   | Lost mutation: You possess an exceptional clarity of mind.
                  | [potion of mutation]
 22836 | Lair:1   | Lost mutation: Your spells are a little harder to cast, but
                  | a little more powerful. [potion of mutation]
 22836 | Lair:1   | Lost mutation: Your natural rate of healing is unusually
                  | fast. [potion of mutation]
 22836 | Lair:1   | Lost mutation: You are clumsy. (Dex -2) [potion of
                  | mutation]
 22836 | Lair:1   | Gained mutation: Your flesh is heat resistant. (rF+)
                  | [potion of mutation]
 22836 | Lair:1   | Gained mutation: You are partially covered in iridescent
                  | scales. (AC +2) [potion of mutation]
 22837 | Lair:1   | Lost mutation: You are partially covered in iridescent
                  | scales. (AC +2) [potion of mutation]
 22837 | Lair:1   | Lost mutation: Armour fits poorly on your strangely shaped
                  | body. [potion of mutation]
 22837 | Lair:1   | Gained mutation: Scrolls take you a little longer to read.
                  | [potion of mutation]
 22837 | Lair:1   | Gained mutation: You are dopey. (Int -2) [potion of
                  | mutation]
 22837 | Lair:1   | Gained mutation: You are partially covered in icy blue
                  | scales. (AC +2) [potion of mutation]
 22838 | Lair:1   | Lost mutation: You are dopey. (Int -2) [potion of mutation]
 22838 | Lair:1   | Lost mutation: Scrolls take you a little longer to read.
                  | [potion of mutation]
 22838 | Lair:1   | Gained mutation: Your body sometimes deteriorates upon
                  | taking damage. [potion of mutation]
 22838 | Lair:1   | Gained mutation: You have a pair of small antennae on your
                  | head. [potion of mutation]
 22839 | Lair:1   | Lost mutation: Your body sometimes deteriorates upon taking
                  | damage. [potion of mutation]
 22839 | Lair:1   | Lost mutation: You have a pair of small antennae on your
                  | head. [potion of mutation]
 22839 | Lair:1   | Lost mutation: You are partially covered in icy blue
                  | scales. (AC +2) [potion of mutation]
 22839 | Lair:1   | Gained mutation: You are covered in fur. (AC +1) [potion of
                  | mutation]
 22839 | Lair:1   | Gained mutation: You are agile. (Dex +2) [potion of
                  | mutation]
 22839 | Lair:1   | Gained mutation: Your flesh is very heat resistant. (rF++)
                  | [potion of mutation]
 23660 | Lair:4   | Received a gift from Okawaru
 23962 | Lair:4   | HP: 1/136 [wolf (18)]
 23962 | Lair:4   | Slain by a wolf

Illustrated notes

Levels and vault maps discovered:
D:1:      dpeg_arrival_tiny_a, layout_rooms, grunt_decor_junction,
          hangedman_abyss_or_decor_lesser_grid
D:2:      layout_loops_ring, nicolae_overflow_hidden_temple,
          fiery_altar_vehumet, minmay_small_reverse_x, uniq_natasha, uniq_robin
D:3:      layout_basic, marbit_many_paths, uniq_jessica
D:4:      layout_basic, lemuel_temple_firewalk_b, uniq_eustachio, uniq_pikel,
          uniq_menkaure
D:5:      layout_loops_ring, basic_altar
D:6:      layout_gridville, serial_shops, shop, kennysheep_decorative_pillar,
          kennysheep_generic_room_3
D:7:      kennysheep_seaside_town, layout_basic, zin_academy,
          uniq_prince_ribbit1
D:8:      layout_basic, yredelemnul_altar_generic, uniq_erica, uniq_grum
D:9:      layout_loops_ring, orc_0_dummy, chequers_serial_rivers_room_a
D:10:     layout_loops_ring, minmay_lair_entry_grove, serial_shops,
          nicolae_shop_behind_doors, shop, shop_fountains, shop,
          ebering_ghost_xom, serial_co_window_serial, co_window_paths_a,
          co_window_of_opportunity_a, co_window_of_opportunity_a,
          co_window_paths_a, co_window_corner_a, co_window_of_opportunity_a,
          co_window_corner_b, co_window_corner_ca, co_window_broadway_a,
          co_window_sun, glass_columns_a, glass_columns_a, glass_columns_c,
          glass_columns_a, basic_altar, led_sif_book, uniq_erolcha
D:11:     layout_irregular_city, grunt_dithmenos_shadows
D:12:     layout_loops_ring, onia_ninara_dug_in_and_dangerous
D:13:     layout_stronghold
D:14:     layout_roguey, david_vaults_2, minivault_23, uniq_frances, uniq_rupert
Temple:   eino_temple_scatter_basement
Lair:1:   layout_roguey, minmay_lair_oklob_chamber, lemuel_fruit_tree,
          grunt_megastairs_3
Lair:2:   layout_misc_corridors, minmay_shoals_entry_hut, serial_bayou_shore_a,
          serial_bayou_shore_b
Lair:3:   layout_cave_pods, serial_bayou_pond_c, worms_lemuel
Lair:4:   cheibrodos_magma_flow, layout_cave_pods, spider_nest_entry_funnel_web,
          serial_bayou_shore_b

Skill      XL: |  1  2  3  4  5  6  7  8  9 10 11 12 13 |
---------------+----------------------------------------+-----
Fighting       | 3 4 5 6 7 8 9 10 | 10.8
Dodging        | 2 3 4 5 |  5.7
Maces & Flails | 1 2 3 4 5 6 7 8 9 10 | 10.5
Throwing       | 5 6 7 8 9 |  9.2
Invocations    | 2 3 5 7 8 9 |  9.7
Translocations | 2 3 5 6 |  6.0
Spellcasting   | 1 3 4 5 6 7 |  7.5
Armour         | 2 3 4 |  4.3
Hexes          | 2 5 6 |  6.3
Stealth        | |  0.6

Action                   |  1- 3 |  4- 6 |  7- 9 | 10-12 | 13-15 || total
-------------------------+-------+-------+-------+-------+-------++-------
Melee: Club              |    32 |       |       |       |       ||    32
       Mace              |    48 |   223 |    38 |       |       ||   309
       Kick              |       |    11 |    90 |   125 |    40 ||   266
       Headbutt          |       |     5 |    55 |    83 |    18 ||   161
       Dagger            |       |       |   107 |       |       ||   107
       Hand axe          |       |       |     3 |       |       ||     3
       Giant club        |       |       |   255 |   351 |   188 ||   794
       Giant spiked club |       |       |       |   115 |       ||   115
 Fire: Hunting sling     |       |     4 |    16 |       |       ||    20
Throw: Large rock        |    11 |    26 |    29 |    81 |    20 ||   167
       Dart              |     3 |    10 |    37 |    78 |     9 ||   137
       Throwing net      |     2 |     2 |     5 |     1 |       ||    10
       Stone             |       |       |     1 |       |       ||     1
       Javelin           |       |       |       |     7 |       ||     7
 Cast: Portal Projectile |       |       |       |       |     3 ||     3
Invok: Heroism           |       |       |     1 |     4 |     2 ||     7
       Finesse           |       |       |       |     1 |     2 ||     3
Evoke: Wand              |       |       |     5 |    11 |     3 ||    19
  Use: Potion            |     1 |     9 |     5 |     3 |     7 ||    25
       Scroll            |       |     5 |    18 |    14 |     5 ||    42
 Stab: Sleeping          |     1 |     5 |     1 |     2 |       ||     9
       Invisible         |       |     4 |     3 |       |       ||     7
       Fleeing           |       |       |     1 |       |       ||     1
Armor: Robe              |    20 |    59 |    86 |    23 |       ||   188
       Skin              |       |    56 |     9 |       |       ||    65
       Troll leather arm |       |       |       |    54 |    11 ||    65
       Fire dragon scale |       |       |       |       |    49 ||    49
Dodge: Dodged            |    60 |   152 |   259 |   389 |    90 ||   950

Table legend: (Time is in decaauts)
 A = Elapsed time spent in this place.
 B = Non-inter-level travel time spent in this place.
 C = Inter-level travel time spent in this place.
 D = Time resting spent in this place.
 E = Time spent auto-exploring this place.
 F = Levels seen in this place.
 G = Mean time per level.
                   A        B        C        D        E       F      G
               +--------+--------+--------+--------+--------+-----+--------+
         Total |  24143 |  23380 |    763 |   6397 |  12647 |  19 | 1270.7 |
       Dungeon |  20388 |  19913 |    475 |   6214 |   9907 |  14 | 1456.3 |
        Temple |    181 |    163 |     18 |      0 |    148 |   1 |  181.0 |
          Lair |   3573 |   3303 |    270 |    183 |   2591 |   4 |  893.2 |
               +--------+--------+--------+--------+--------+-----+--------+

Top non-repeatable levels by time:
     D:4: 2902 daAuts
     D:3: 2177 daAuts
     D:2: 2049 daAuts
     D:7: 1909 daAuts
     D:1: 1693 daAuts
     D:8: 1684 daAuts
     D:9: 1429 daAuts
    D:10: 1401 daAuts
    D:13: 1341 daAuts
     D:6: 1269 daAuts
  Lair:2: 1213 daAuts
  Lair:3: 1183 daAuts
    D:12: 950 daAuts
  Lair:1: 842 daAuts
    D:11: 783 daAuts
